 Dungeon Crawl Stone Soup version 0.30-a0-222-ge547ba4400 (webtiles) character file.

Game seed: 14991550369400830385

2498 Aibolit the Basher (level 9, -2/79 HPs)
             Began as a Minotaur Fighter on Oct 8, 2022.
             Was a Believer of the Shining One.
             Succumbed to a gnoll's poison
             ... on level 7 of the Dungeon.
             The game lasted 00:11:38 (6032 turns).

Aibolit the Basher (Minotaur Fighter)               Turns: 6032, Time: 00:11:39

Health: -2/79      AC: 22    Str: 24    XL:     9   Next: 28%
Magic:  8/8        EV:  7    Int:  5    God:    the Shining One [**....]
Gold:   389        SH:  5    Dex: 11    Spells: 8/8 levels left

rFire   x . .      SeeInvis .    v - +4 mace (vorpal)
rCold   + . .      Faith    .    c - +0 buckler
rNeg    + . .      Spirit   .    u - +3 plate armour
rPois   .          Reflect  .    (helmet restricted)
rElec   .          Harm     .    (no cloak)
rCorr   .          Rampage  .    B - +0 pair of gloves
Will    .....                    (no boots)
Stlth   ..........               b - amulet of magic regeneration
HPRegen 0.33/turn                x - +4 ring of protection
MPRegen 0.51/turn                j - ring of ice

@: lethally poisoned (-2 -> -23), glowing
A: horns 2, retaliatory headbutt
a: Renounce Religion, Divine Shield


You were on level 7 of the Dungeon.
You worshipped the Shining One.
The Shining One was pleased with you.
You visited 1 branch of the dungeon, and saw 7 of its levels.

You collected 389 gold pieces.

Inventory:

Hand Weapons
 v - a +4 vorpal mace (weapon)
Armour
 c - a +0 buckler (worn)
 u - a +3 plate armour (worn)
 B - a +0 pair of gloves (worn)
Jewellery
 b - an amulet of magic regeneration (around neck)
 j - a ring of ice (right hand)
 n - a ring of magical power
 x - a +4 ring of protection (left hand)
Wands
 a - a wand of quicksilver (8)
 A - a wand of polymorph (4)
 D - a wand of iceblast (7)
Scrolls
 f - 2 scrolls of vulnerability
 k - 5 scrolls of teleportation
 m - 2 scrolls of noise
 r - a scroll of silence
 s - 2 scrolls of amnesia
 w - 2 scrolls of magic mapping
 y - a scroll of fear
 z - a scroll of identify
 C - a scroll of immolation {unknown}
Potions
 d - 2 potions of might
 e - 2 potions of haste
 g - 8 potions of curing {unknown}
 h - a potion of lignification {unknown}
 i - 4 potions of heal wounds {unknown}
 l - a potion of magic {unknown}
 o - a potion of cancellation {unknown}
 p - 4 potions of attraction {unknown}
 q - 3 potions of flight {unknown}
 t - 3 potions of brilliance {unknown}


   Skills:
 + Level 7.1 Fighting
 + Level 9.8 Maces & Flails
 + Level 9.0 Armour
 + Level 2.3 Dodging
 + Level 6.0 Shields


You had 8 spell levels left.
You didn't know any spells.
Your spell library contained the following spells:

 Spells                   Type           Power      Damage    Failure   Level
 Apportation              Tloc           0%         N/A       100%        1
 Slow                     Hex            0%         N/A       100%        1
 Call Canine Familiar     Summ           0%         N/A       100%        3
 Confusing Touch          Hex            0%         N/A       100%        3
 Portal Projectile        Hex/Tloc       0%         N/A       100%        3
 Vampiric Draining        Necr           0%         2d6       100%        3
 Leda's Liquefaction      Hex/Erth       0%         N/A       100%        4
 Alistair's Intoxication  Tmut/Pois      0%         N/A       100%        5


Dungeon Overview and Level Annotations

Branches:
Dungeon (7/15)             Temple (0/1) D:5

Altars:
Dithmenos
Elyvilon
Fedhas
Qazlal
Uskayaw
The Shining One


Innate Abilities, Weirdness & Mutations

You have a pair of horns on your head.
You reflexively headbutt those who attack you in melee.


Message History

You feel sick. The water moccasin barely misses you.
The gnoll hits you but does no damage.
You are more poisoned.
You block the water moccasin's attack.
You hit the water moccasin. You headbutt the water moccasin.
The water moccasin is heavily wounded.
You feel very sick. The gnoll hits you but does no damage.
You block the gnoll's attack. The water moccasin bites you.
You are lethally poisoned!
The water moccasin poisons you!
You sock the water moccasin!
You kill the water moccasin!
* * * LOW HITPOINT WARNING * * *
You feel extremely sick. The gnoll hits you but does no damage.
The gnoll barely misses you.
Your Armour skill increases to level 9!
* * * LOW HITPOINT WARNING * * *
You feel very sick. You block the gnoll's attack.
The gnoll hits you with a +0 spear of venom.
* * * LOW HITPOINT WARNING * * *
You are more poisoned.
The iguana bites you but does no damage.
There is a stone staircase leading down here.
Unknown command.
* * * LOW HITPOINT WARNING * * *
You feel extremely sick. The gnoll barely misses you.
The iguana bites you but does no damage.
You block the gnoll's attack.
You climb downwards.
The Shining One protects you from harm!
There is a stone staircase leading up here.
Read: 2 scrolls of fear
Press: ? - help, Q - select action, (/) - cycle Dir - look around, f - activate
As you read the scroll of fear, it crumbles to dust.
You assume a fearsome visage.
The iguana looks frightened!
The gnoll looks frightened!
You die...

.. #..
.. .. .#
.#
##g#####
#@.....#
#.l###.#
#..#
...#
#.## #..
#.. #.#


You could see an iguana (fleeing) and a gnoll (swift, fleeing).

Vanquished Creatures
  Sigmund (D:3)
  Duvessa (D:5)
  3 water moccasins
  3 ogres
  3 kobold brigands
  2 bullfrogs
  Blork the orc (D:4)
  A necrophage (D:6)
  A scorpion (D:5)
  5 wights (D:6)
  Dowan (D:5)
  2 jellies
  4 orc priests
  A gnoll bouda (D:6)
  2 hounds
  Terence (D:3)
  2 iguanas
  4 orc wizards
  11 adders
  10 gnolls
  A white imp (D:6)
  5 ufetubi
  A worm (D:4)
  2 dart slugs
  38 orcs
  10 ball pythons
  6 bats
  9 endoplasms
  8 giant cockroaches (D:3)
  10 goblins
  6 hobgoblins
  7 jackals
  16 kobolds
  4 quokkas
  A frilled lizard (D:3)
  3 rats
186 creatures vanquished.

Notes
Turn   | Place    | Note
-------+----------+-------------------------------------------
     0 | D:1      | Aibolit the Minotaur Fighter began the quest for the Orb.
     0 | D:1      | Reached XP level 1. HP: 19/19 MP: 0/0
   303 | D:1      | You fall into a shaft and drop 1 floor!
   315 | D:2      | Reached XP level 2. HP: 27/27 MP: 1/1
   602 | D:1      | Reached XP level 3. HP: 32/33 MP: 2/2
   794 | D:1      | Found a faded altar of an unknown god.
  1666 | D:2      | Reached XP level 4. HP: 34/41 MP: 3/3
  1811 | D:2      | Found a blossoming altar of Fedhas.
  2512 | D:3      | Reached skill level 5 in Armour
  2599 | D:3      | Noticed Sigmund
  2610 | D:3      | Killed Sigmund
  2611 | D:3      | Reached skill level 1 in Dodging
  2611 | D:3      | Reached XP level 5. HP: 33/47 MP: 4/4
  2783 | D:3      | Noticed Terence
  2804 | D:3      | Reached XP level 6. HP: 22/53 MP: 5/5
  2812 | D:3      | Killed Terence
  2945 | D:3      | Found a white marble altar of Elyvilon.
  2945 | D:3      | Found a shadowy altar of Dithmenos.
  2946 | D:3      | Found a hide-covered altar of Uskayaw.
  2960 | D:3      | Found a stormy altar of Qazlal.
  2960 | D:3      | Found a glowing golden altar of the Shining One.
  2971 | D:3      | Became a worshipper of the Shining One
  3458 | D:4      | Reached skill level 5 in Maces & Flails
  3462 | D:4      | Reached skill level 5 in Fighting
  3735 | D:4      | Noticed Blork the orc
  3744 | D:4      | Killed Blork the orc
  3745 | D:4      | Reached XP level 7. HP: 38/61 MP: 6/6
  3970 | D:4      | Reached * piety under the Shining One
  4346 | D:4      | Reached skill level 5 in Shields
  4510 | D:5      | Entered Level 5 of the Dungeon
  4583 | D:5      | Reached XP level 8. HP: 69/69 MP: 7/7
  4752 | D:5      | Noticed Dowan
  4753 | D:5      | Noticed Duvessa
  4763 | D:5      | Killed Dowan
  4769 | D:5      | Killed Duvessa
  5184 | D:5      | Found a staircase to the Ecumenical Temple.
  5614 | D:6      | Reached ** piety under the Shining One
  5746 | D:6      | Reached XP level 9. HP: 73/78 MP: 8/8
  6030 | D:6      | HP: 3/79 [poisoned by a gnoll]
  6031 | D:7      | The Shining One protects you from harm!
  6032 | D:7      | Succumbed to a gnoll's poison

Illustrated notes

Levels and vault maps discovered:
D:1:      minmay_arrival_wavy_path, layout_basic,
          shapermc_ecumenical_altar_mp_ritualfount, chequers_mini_garden
D:2:      layout_basic, basic_altar
D:3:      minmay_roachtagon, layout_loops_ring, grunt_temple_overflow_open,
          uniq_sigmund, uniq_terence
D:4:      minmay_octagon_keep, layout_basic, minmay_pentangle,
          uniq_blork_the_orc
D:5:      cheibrodos_thug_alley, layout_rooms, minmay_temple_entry_slanted,
          minmay_misc_feat_roman, uniq_duvessa
D:6:      minmay_chambers_of_sixes, layout_basic
D:7:      layout_loops_cross, gammafunk_temple_overflow_statue

Skill      XL: |  1  2  3  4  5  6  7  8  9 |
---------------+----------------------------+-----
Armour         | 4 5 6 7 8 9 |  9.0
Shields        | 4 5 6 |  6.0
Fighting       | 4 5 6 7 |  7.1
Maces & Flails | 4 5 6 9 |  9.8
Dodging        | 1 2 |  2.3

Action                   |  1- 3 |  4- 6 |  7- 9 || total
-------------------------+-------+-------+-------++-------
Melee: Flail             |    62 |    61 |       ||   123
       Headbutt          |     6 |    18 |    50 ||    74
       Mace              |       |    43 |   234 ||   277
  Use: Scroll            |       |       |    12 ||    12
Armor: Scale mail        |    35 |    16 |       ||    51
       Plate armour      |       |    47 |   160 ||   207
Dodge: Dodged            |    45 |    33 |    80 ||   158
Block: Buckler           |    19 |    20 |    61 ||   100

Table legend: (Time is in decaauts)
 A = Elapsed time spent in this place.
 B = Non-inter-level travel time spent in this place.
 C = Inter-level travel time spent in this place.
 D = Time resting spent in this place.
 E = Time spent auto-exploring this place.
 F = Levels seen in this place.
 G = Mean time per level.
                   A        B        C        D        E       F      G
               +--------+--------+--------+--------+--------+-----+--------+
         Total |   6098 |   5622 |    476 |   1347 |   3323 |   7 |  871.1 |
       Dungeon |   6098 |   5622 |    476 |   1347 |   3323 |   7 |  871.1 |
               +--------+--------+--------+--------+--------+-----+--------+

Top non-repeatable levels by time:
     D:1: 1584 daAuts
     D:4: 1128 daAuts
     D:5: 1115 daAuts
     D:3: 1007 daAuts
     D:2: 846 daAuts
     D:6: 415 daAuts
     D:7: 0 daAuts
